 Dungeon Crawl Stone Soup version 0.29.1-12-g30fa7ad0bf (webtiles) character file.

Game seed: 8123347694896169225

86 nachturnus the Slasher (level 4, 0/25 HPs)
             Began as a Deep Elf Gladiator on Jan 7, 2023.
             Killed from afar by an orc wizard (4 damage)
             ... with a magic dart
             ... on level 2 of the Dungeon.
             The game lasted 00:03:15 (1441 turns).

nachturnus the Slasher (Deep Elf Gladiator)         Turns: 1441, Time: 00:03:16

Health: 0/25       AC:  5    Str: 11    XL:     4   Next: 27%
Magic:  6/6        EV: 13    Int: 13    God:
Gold:   15         SH:  0    Dex: 18    Spells: 3/3 levels left

rFire   . . .      SeeInvis .   a - +1 long sword
rCold   . . .      Faith    .   (no shield)
rNeg    . . .      Spirit   .   b - +0 leather armour
rPois   .          Reflect  .   c - +1 helmet
rElec   .          Harm     .   (no cloak)
rCorr   .          Rampage  .   (no gloves)
Will    .....                   (no boots)
Stlth   +.........              (no amulet)
HPRegen 0.08/turn               (no ring)
MPRegen 0.10/turn               (no ring)

@: no status effects
A: no striking features
a: no special abilities


You were on level 2 of the Dungeon.
You visited 1 branch of the dungeon, and saw 2 of its levels.

You collected 15 gold pieces.

Inventory:

Hand Weapons
 a - a +1 long sword (weapon)
Missiles
 d - 3 throwing nets (quivered)
 e - a javelin
Armour
 b - a +0 leather armour (worn)
 c - a +1 helmet (worn)
 h - a +0 helmet
Scrolls
 k - a scroll of enchant armour
 m - a scroll of fear
Potions
 f - a potion of flight
 i - a potion of brilliance {unknown}
 l - a potion of haste {unknown}


   Skills:
 - Level 1.5 Fighting
 + Level 4.7 Long Blades
 - Level 2.0 Throwing
 - Level 3.6 Dodging


You had 3 spell levels left.
You didn't know any spells.
Your spell library was empty.

Dungeon Overview and Level Annotations

Branches:
Dungeon (2/15)

Altars:


Message History

Something hits you but does no damage.
You hit something. The orc hits you but does no damage.
Something hits you but does no damage.
You barely miss something.
The orc hits you from afar with a +0 trident.
You hear some strange, mumbled words.
Something tries to affect you, but you resist.
You closely miss something. The orc barely misses you.
Something barely misses you.
You hit something but do no damage. The orc barely misses you.
Something hits you but does no damage.
You hit something but do no damage. The orc barely misses you.
Something hits you but does no damage. The orc misses you.
Something hits you but does no damage.
You miss something. The orc barely misses you.
You hear some strange, mumbled words.
Something tries to affect you, but you resist.
You hit something but do no damage. The orc closely misses you.
Something hits you.
You hit something but do no damage. The orc hits you but does no damage.
You hear some strange, mumbled words.
Something tries to affect you, but you resist.
You barely miss something. Your punch misses something.
The orc hits you from afar with a +0 trident.
Something barely misses you.
You barely miss something.
The orc hits you from afar with a +0 trident.
Something hits you but does no damage.
You miss something. The orc closely misses you.
You hear some strange, mumbled words.
A magic dart appears from out of thin air!
The magic dart hits you.
* * * LOW HITPOINT WARNING * * *
An endoplasm comes into view.
The orc hits you from afar with a +0 trident.
* * * LOW HITPOINT WARNING * * *
You hear some strange, mumbled words.
A magic dart appears from out of thin air!
The magic dart hits you.
You die...

#........###### #..o.S
#.............# #...ho
#.............# #....h
#.............# ### ##....o
#######.......# #.. .......
#......(# #.. ....... #.......#
#..
.......########.......#######..
.......'J.hho{@.......'))...'..
.......########.......#######..
....... #.......# #(. .......
######### #.. ....... #..
....... ### ....... #######


You could see an orc, an endoplasm (wandering) and 2 jackals.

Vanquished Creatures
  5 gnolls
  An adder (D:2)
  An orc (D:2)
  A bat (D:2)
  3 giant cockroaches
  A goblin (D:1)
  2 hobgoblins (D:1)
  5 jackals
  3 quokkas
  5 ball pythons
  2 rats (D:2)
29 creatures vanquished.

Notes
Turn   | Place    | Note
-------+----------+-------------------------------------------
     0 | D:1      | nachturnus the Deep Elf Gladiator began the quest for the
                  | Orb.
     0 | D:1      | Reached XP level 1. HP: 12/12 MP: 3/3
    95 | D:1      | Reached skill level 3 in Long Blades
    95 | D:1      | Reached XP level 2. HP: 14/16 MP: 4/4
   356 | D:1      | Found a faded altar of an unknown god.
  1005 | D:2      | Reached XP level 3. HP: 20/20 MP: 5/5
  1036 | D:2      | Reached skill level 4 in Long Blades
  1077 | D:2      | Reached XP level 4. HP: 11/25 MP: 6/6
  1441 | D:2      | Killed from afar by an orc wizard

Illustrated notes

Levels and vault maps discovered:
D:1:      ncdulo_watergridlock, layout_basic,
          hellmonk_ecumenical_altar_pennies_from_heaven
D:2:      layout_basic

Skill      XL: |  1  2  3 |
---------------+----------+-----
Long Blades    | 3 4 |  4.7
Fighting       | |  1.5
Throwing       | |  2.0
Dodging        | |  3.6

Action                   |  1- 3 |  4- 6 || total
-------------------------+-------+-------++-------
Melee: Long sword        |    68 |    34 ||   102
       Punch             |     1 |     1 ||     2
  Use: Scroll            |     6 |       ||     6
 Stab: Sleeping          |     1 |       ||     1
Armor: Leather armour    |    26 |    20 ||    46
Dodge: Dodged            |    51 |    24 ||    75
